 Dungeon Crawl Stone Soup version 0.28.0-53-g5a82cb258f (webtiles) character file.

Game seed: 4936463201568012478

406 SanguineChosen the Chopper (level 6, -10/57 HPs)
             Began as a Minotaur Berserker on Aug 3, 2022.
             Was a Believer of Trog.
             Killed by divine providence
             ... invoked by an orc priest
              (12 damage)
             ... on level 5 of the Dungeon.
             The game lasted 00:13:13 (4934 turns).

SanguineChosen the Chopper (Minotaur Berserker)     Turns: 4934, Time: 00:13:13

Health: -10/57     AC: 16    Str: 30    XL:     6   Next: 56%
Magic:  5/5        EV:  9    Int:  4    God:    Trog [**....]
Gold:   193        SH:  0    Dex:  9    Spells: 5/5 levels left

rFire   . . .      SeeInvis .   q - +1 war axe
rCold   . . .      Faith    .   (no shield)
rNeg    . . .      Spirit   .   m - +0 chain mail
rPois   .          Reflect  .   c - +2 hat
rElec   .          Harm     .   (no cloak)
rCorr   .          Rampage  .   i - +2 pair of gloves
Will    .....                   g - +1 pair of boots
Stlth   ..........              (no amulet)
HPRegen 0.19/turn               p - +6 ring of strength
MPRegen 0.09/turn               (no ring)

@: no status effects
A: horns 2, retaliatory headbutt
a: Renounce Religion, Berserk, Trog's Hand


You were on level 5 of the Dungeon.
You worshipped Trog.
Trog was pleased with you.
You visited 1 branch of the dungeon, and saw 5 of its levels.

You collected 242 gold pieces.
You spent 49 gold pieces at shops.

Inventory:

Hand Weapons
 a - a +1 hand axe
 q - a +1 war axe (weapon)
Missiles
 e - 3 datura-tipped darts (quivered)
Armour
 c - a +2 hat (worn)
 g - a +1 pair of boots (worn)
 i - a +2 pair of gloves (worn)
 m - a +0 chain mail (worn)
Jewellery
 b - an amulet of guardian spirit
 k - a ring of ice
 p - a +6 ring of strength (left hand)
 t - a +6 ring of intelligence
Scrolls
 d - a scroll of fear {unknown}
 n - a scroll of immolation {unknown}
Potions
 f - 2 potions of heal wounds {unknown}
 h - a potion of cancellation
 j - a potion of magic {unknown}
 l - a potion of mutation {unknown}
 o - a potion of haste {unknown}
 s - a potion of curing {unknown}


   Skills:
 + Level 6.1 Fighting
 + Level 6.2 Axes
 + Level 3.6 Armour
 + Level 3.6 Dodging


You had 5 spell levels left.
You didn't know any spells.
Your spell library was empty.

Dungeon Overview and Level Annotations

Branches:
Dungeon (5/15)
 Temple: D:4-7

Altars:
Nemelex Xobeh
Okawaru
The Shining One

Shops:
D:4 (


Innate Abilities, Weirdness & Mutations

You have a pair of horns on your head.
You reflexively headbutt those who attack you in melee.


Message History

Trog accepts your kill.
You hit the gnoll but do no damage. The gnoll closely misses you.
The gnoll hits you from afar with a +0 halberd.
The gnoll closely misses you. The gnoll hits you but does no damage.
The orc priest shouts!
You hear a shout!
The gnoll misses you. The gnoll hits you but does no damage.
The gnoll hits you with a +0 halberd!
You see here a +0 spear.
You barely miss the gnoll. Your headbutt misses the gnoll. You slash the gnoll!
You closely miss the gnoll. The gnoll closely misses you. x2
The gnoll barely misses you.
You slash the gnoll!
You headbutt the gnoll, but do no damage.
The gnoll is severely wounded.
You slash the gnoll! You hit the gnoll.
The orc priest looks braver for a moment.
The gnoll hits you but does no damage. The gnoll hits you with a +0 spear.
The gnoll hits you but does no damage.
You closely miss the gnoll.
The gnoll is severely wounded.
You slash the gnoll!
You kill the gnoll!
Trog accepts your kill.
You hit the gnoll.
You kill the gnoll!
Trog accepts your kill. The gnoll hits you with a +0 halberd!
The gnoll hits you with a +0 halberd.
* * * LOW HITPOINT WARNING * * *
The gnoll barely misses you.
The orc priest invokes the aid of Beogh against you.
Beogh smites you!
* * * LOW HITPOINT WARNING * * *
The gnoll hits you but does no damage. The gnoll hits you but does no damage.
The orc hits you but does no damage. The gnoll barely misses you.
There is an open door here.
The orc priest mumbles some strange prayers to Beogh against you.
Beogh smites you!
You die...

......# ....#
#....###....#
#....##.....#
#...........#
#...........###
#...........$...
#.....<......... .
#....##.........
..##.....#@........
#........'.........
........o#g......#
....?............+
.........o...#####
.........)..o#####.
..........)).......
.....$##...).......
...... #...........


You could see an orc priest, a gnoll and 2 orcs.

Vanquished Creatures
  Sigmund (D:2)
  A scorpion (D:4)
  Jessica (D:2)
  Robin (D:2)
  3 gnolls (D:5)
  5 adders
  5 dart slugs
  2 orcs
  8 endoplasms
  4 giant cockroaches
  15 goblins
  5 hobgoblins
  5 quokkas
  6 ball pythons
  2 bats (D:2)
  A frilled lizard (D:1)
  5 kobolds
  2 rats (D:1)
72 creatures vanquished.

Notes
Turn   | Place    | Note
-------+----------+-------------------------------------------
     0 | D:1      | SanguineChosen the Minotaur Berserker began the quest for
                  | the Orb.
     0 | D:1      | Reached XP level 1. HP: 19/19 MP: 0/0
   219 | D:1      | Reached XP level 2. HP: 9/27 MP: 1/1
  1226 | D:2      | Noticed Robin
  1565 | D:1      | Reached ** piety under Trog
  1703 | D:1      | Reached XP level 3. HP: 26/34 MP: 2/2
  1809 | D:2      | Noticed Sigmund
  1812 | D:2      | Killed Robin
  2065 | D:2      | Killed Sigmund
  2066 | D:2      | Reached skill level 5 in Fighting
  2066 | D:2      | Reached skill level 5 in Axes
  2066 | D:2      | Reached XP level 4. HP: 34/42 MP: 3/3
  2066 | D:2      | Reached XP level 5. HP: 40/49 MP: 4/4
  2901 | D:2      | Noticed Jessica
  2917 | D:2      | Killed Jessica
  3391 | D:3      | Reached XP level 6. HP: 57/57 MP: 5/5
  3683 | D:3      | Found a faded altar of an unknown god.
  3810 | D:3      | Found an iron altar of Okawaru.
  3925 | D:3      | Found a glowing golden altar of the Shining One.
  4121 | D:3      | Found a sparkling altar of Nemelex Xobeh.
  4303 | D:4      | Found Kaip's Weapon Shoppe.
  4311 | D:4      | Bought a +0 war axe for 49 gold pieces
  4899 | D:5      | Entered Level 5 of the Dungeon
  4928 | D:5      | HP: 1/57 [orc priest/divine providence (14)]
  4934 | D:5      | Killed from afar by an orc priest

Illustrated notes

Levels and vault maps discovered:
D:1:      kennysheep_arrival_seaside, layout_loops_corners, minmay_tromino_mix6
D:2:      layout_basic, chequers_serial_rivers_micro_d, uniq_jessica,
          uniq_robin, uniq_sigmund
D:3:      layout_loops_ring, nemelex_dance_club_becter,
          nicolae_overflow_hidden_temple, ebering_ecumenical_altar_hall
D:4:      layout_loops_ring, serial_shops, nicolae_shop_bloodbath_and_beyond
D:5:      layout_basic, lightli_ossuary_entry_decrepit_ruins, uniq_ijyb

Skill      XL: |  1  2  3  4  5  6 |
---------------+-------------------+-----
Fighting       | 4 5 6 |  6.1
Axes           | 4 5 6 |  6.2
Dodging        | 3 |  3.6
Armour         | 3 |  3.6

Action                   |  1- 3 |  4- 6 || total
-------------------------+-------+-------++-------
Melee: Hand axe          |    54 |    70 ||   124
       Headbutt          |    11 |     8 ||    19
       Punch             |       |     1 ||     1
       War axe           |       |    26 ||    26
Invok: Trog's Hand       |     1 |       ||     1
  Use: Scroll            |     1 |     8 ||     9
Armor: Animal skin       |     9 |       ||     9
       Leather armour    |       |    14 ||    14
       Ring mail         |       |     5 ||     5
       Chain mail        |       |    29 ||    29
Dodge: Dodged            |    39 |    60 ||    99
